 Dungeon Crawl Stone Soup version 0.29.1-15-g9cfb28693d (webtiles) character file.

Game seed: 1427458844215314110

13384 zeram the Protected (level 12, -4/76 HPs)
             Began as a Gargoyle Fighter on Apr 25, 2023.
             Was an Initiate of Gozag.
             Slain by a troll (12 damage)
             ... on level 10 of the Dungeon.
             The game lasted 00:19:01 (12896 turns).

zeram the Protected (Gargoyle Fighter)             Turns: 12896, Time: 00:19:02

Health: -4/76      AC: 25    Str: 28    XL:     12   Next: 5%
Magic:  12/12      EV:  8    Int: 10    God:    Gozag
Gold:   508        SH:  4    Dex:  5    Spells: 11/11 levels left

rFire   + + .      SeeInvis .   A - +7 trident of the Endless Expanse {venom, rF+ rN+ Str+4 Dex-4}
rCold   . . .      Faith    .   c - +0 buckler
rNeg    + + .      Spirit   .   m - +1 plate armour
rPois   ∞          Reflect  .   (no helmet)
rElec   +          Harm     .   (no cloak)
rCorr   .          Rampage  .   (no gloves)
Will    .....                   (no boots)
Stlth   ..........              (no amulet)
HPRegen 0.22/turn               n - ring of wizardry
MPRegen 0.13/turn               x - ring of protection from fire

@: gold aura, studying 2 skills
A: sickness immunity, AC +8, negative energy resistance 1, electricity
resistance, torment resistance 1, petrification resistance
a: Renounce Religion, Potion Petition, Call Merchant, Bribe Branch


You were on level 10 of the Dungeon.
You worshipped Gozag.
Gozag was pleased with you.
You visited 2 branches of the dungeon, and saw 11 of its levels.
You also visited: Bailey.

You collected 835 gold pieces.
You paid 327 gold pieces to Gozag.

Inventory:

Hand Weapons
 a - a +1 flail of freezing
 f - a +2 vampiric dagger
 g - a +1 dagger of draining
 A - the +7 trident of the Endless Expanse (weapon) {venom, rF+ rN+ Str+4 Dex-4}
   (You found it on level 5 of the Dungeon)

   It poisons the flesh of those it strikes.
   Str:       It affects your strength (+4).
   Dex:       It affects your dexterity (-4).
   rF:        It protects you from fire.
   rN:        It protects you from negative energy.
Missiles
 s - 2 throwing nets (quivered)
Armour
 b - a +0 scale mail
 c - a +0 buckler (worn)
 m - a +1 plate armour (worn)
Jewellery
 n - a ring of wizardry (left hand)
 x - a ring of protection from fire (right hand)
 G - a ring of magical power
Wands
 o - a wand of roots (8)
 r - a wand of flame (51)
 t - a wand of paralysis (4)
 C - a wand of polymorph (3)
 D - a wand of mindburst (13)
Scrolls
 e - a scroll of magic mapping
 h - 3 scrolls of amnesia
 l - 2 scrolls of fear {unknown}
 p - 2 scrolls of fog
 u - 2 scrolls of silence
 y - a scroll of brand weapon
 B - a scroll of enchant weapon
 E - 4 scrolls of identify
Potions
 d - a potion of cancellation
 i - 3 potions of attraction
 j - a potion of haste
 k - 3 potions of magic
 q - 3 potions of mutation
 v - a potion of lignification
 w - 3 potions of curing
 z - 3 potions of flight
 F - a potion of might


   Skills:
 + Level 9.4 Fighting
 - Level 4.4 Maces & Flails
 + Level 10.8 Polearms
 + Level 12.4 Armour
 + Level 2.3 Dodging
 + Level 6.8 Shields
 + Level 1.7 Evocations


You had 11 spell levels left.
You didn't know any spells.
Your spell library contained the following spells:

 Spells                   Type           Power      Damage    Failure   Level
 Freeze                   Ice            0%         1d3       77%         1
 Call Canine Familiar     Summ           0%         N/A       98%         3
 Frozen Ramparts          Ice            0%         1d1       98%         3
 Gell's Gravitas          Tloc           0%         N/A       98%         3
 Ignite Poison            Fire/Tmut/Pois 0%         N/A       98%         3
 Lesser Beckoning         Tloc           0%         N/A       98%         3
 Mephitic Cloud           Conj/Pois/Air  0%         N/A       98%         3
 Portal Projectile        Hex/Tloc       0%         N/A       98%         3
 Teleport Other           Tloc           0%         N/A       98%         3
 Airstrike                Air            0%         2d(0-16)  100%        4
 Animate Armour           Summ/Erth      0%         N/A       100%        4
 Hailstorm                Conj/Ice       0%         3d3       100%        4
 Leda's Liquefaction      Hex/Erth       0%         N/A       100%        4
 Summon Lightning Spire   Summ/Air       0%         N/A       100%        4
 Blade Hands              Tmut           0%         N/A       100%        5
 Freezing Cloud           Conj/Ice/Air   0%         6-21      100%        5
 Lightning Bolt           Conj/Air       0%         1d11      100%        5
 Summon Forest            Summ/Tloc      0%         N/A       100%        5
 Dispersal                Tloc           0%         N/A       100%        6
 Eringya's Noxious Bog    Tmut/Pois      0%         N/A       100%        6
 Iron Shot                Conj/Erth      0%         9d1       100%        6
 Storm Form               Tmut/Air       0%         N/A       100%        7
 Summon Hydra             Summ           0%         N/A       100%        7
 Disjunction              Tloc           0%         N/A       100%        8
 Maxwell's Capacitive Co  Air            0%         ∞         100%        8


Dungeon Overview and Level Annotations

Branches:
Dungeon (10/15)            Temple (1/1) D:7            Lair (0/5) D:10
    Orc (0/2) D:9          Bailey (visited)

Altars:
Ashenzari
Cheibriados
Dithmenos
Elyvilon
Fedhas
Gozag
Hepliaklqana
Kikubaaqudgha
Makhleb
Nemelex Xobeh
Okawaru
Qazlal
Ru
Sif Muna
Trog
Uskayaw
Vehumet
Wu Jian
Xom
Yredelemnul
Zin
The Shining One

Shops:
D:10 (


Innate Abilities, Weirdness & Mutations

You are immune to sickness and miasma.
Your stone body is resilient. (AC +8)
You are immune to poison.
You resist negative energy. (rN+)
You are resistant to electric shocks. (rElec)
You are resistant to unholy torment.
You are immune to petrification.


Message History

The troll closely misses you. The troll claws you!
* * * LOW HITPOINT WARNING * * *
The troll barely misses you.
You puncture the troll!
The troll is heavily wounded.
You closely miss the troll.
The troll is heavily wounded.
The troll barely misses you. The troll claws you but does no damage.
The troll barely misses you.
You closely miss the troll.
The troll is heavily wounded.
The troll bites you!
* * * LOW HITPOINT WARNING * * *
The troll claws you.
* * * LOW HITPOINT WARNING * * *
The troll claws you but does no damage.
You feel better. You block the troll's attack. The troll barely misses you.
The troll claws you but does no damage.
You closely miss the troll.
The troll is heavily wounded.
The troll misses you. The troll closely misses you.
The troll claws you but does no damage.
Unknown command.
You closely miss the troll.
The troll is heavily wounded.
The troll is distracted by your dazzling golden aura.
Unknown command.
You puncture the troll!
The troll looks even sicker.
The troll is no longer distracted by gold.
The troll is almost dead.
Unknown command.
You closely miss the troll.
The troll is almost dead.
The troll bites you!
* * * LOW HITPOINT WARNING * * *
The troll claws you but does no damage. The troll completely misses you.
Unknown command.
The troll attacks as you move away! The troll bites you!
You die...
Your body crumbles into a pile of gold.

....###..###(...............#
####.........................
#.........................
#.........................
#.........................
≈≈≈≈≈≈≈≈≈≈≈≈≈≈≈≈≈.≈≈≈≈≈≈≈≈≈≈≈
#≈≈≈≈≈≈≈≈≈≈#####≈.≈≈≈≈≈≈≈≈≈≈≈
#≈≈≈≈≈≈≈≈≈≈#...#≈.≈#####≈≈≈≈≈≈≈≈≈
#≈≈≈≈≈≈≈≈≈≈#!..T@..'...#≈≈≈≈≈≈≈≈≈
##≈≈≈≈≈≈≈≈≈#####≈.≈#...#≈≈≈≈≈≈≈≈≈
###≈≈≈≈≈≈≈≈≈≈≈≈≈(≈#####≈≈≈≈≈≈≈≈≈
#...≈≈≈≈≈≈≈≈≈≈.≈≈≈≈≈≈≈≈≈≈≈≈≈≈≈
......................#
......................#
......................#
..............)(......#
#......##...####...####


You could see a troll (very poisoned).

Vanquished Creatures
  Erolcha (D:9)
  A satyr (shapeshifter) (D:9)
  3 two-headed ogres
  A skeletal warrior (D:9)
  A deep troll (D:10)
  A deep elf pyromancer (D:9)
  A manticore (D:9)
  Joseph (D:7)
  Psyche (D:8)
  A meliai (D:9)
  4 trolls (D:10)
  A hornet (D:9)
  A tarantella (shapeshifter) (D:9)
  2 spriggans (Bailey)
  Sigmund (D:6)
  A shadow (D:10)
  4 wyverns
  A wraith (D:10)
  5 yaks
  A steam dragon (D:8)
  Duvessa (D:5)
  A water moccasin (D:5)
  An orc warrior (D:9)
  3 sky beasts
  2 black bears
  5 ogres
  10 centaurs
  2 kobold brigands
  Blork the orc (D:6)
  3 bullfrogs
  3 necrophages
  A scorpion (D:5)
  8 wights
  Dowan (D:5)
  9 killer bees (D:8)
  4 howler monkeys
  An electric eel (D:7)
  A jelly (D:3)
  2 hounds
  A gnoll bouda (D:6)
  3 orc priests
  4 iguanas
  8 orc wizards
  3 gnolls (D:6)
  3 adders
  A shadow imp (D:7)
  2 white imps (D:5)
  2 ufetubi
  4 worms
  3 dart slugs
  25 orcs
  5 ball pythons
  9 endoplasms
  3 giant cockroaches
  9 goblins
  6 hobgoblins
  3 jackals (D:1)
  5 quokkas
  5 bats
  3 frilled lizards
  11 kobolds
  7 rats
217 creatures vanquished.

Vanquished Creatures (others)
  A kobold (D:7)
1 creature vanquished.

Grand Total: 218 creatures vanquished

Notes
Turn   | Place    | Note
-------+----------+-------------------------------------------
     0 | D:1      | zeram the Gargoyle Fighter began the quest for the Orb.
     0 | D:1      | Reached XP level 1. HP: 14/14 MP: 1/1
   296 | D:1      | Reached XP level 2. HP: 19/19 MP: 2/2
   753 | D:1      | Reached XP level 3. HP: 23/23 MP: 3/3
  1650 | D:2      | Reached XP level 4. HP: 28/28 MP: 4/4
  2463 | D:3      | Reached skill level 4 in Armour
  3003 | D:3      | Reached XP level 5. HP: 22/33 MP: 5/5
  3581 | D:4      | Found a shimmering blue altar of Sif Muna.
  3594 | D:4      | Noticed a centaur
  3604 | D:4      | Killed a centaur
  3605 | D:4      | Reached XP level 6. HP: 29/38 MP: 6/6
  3739 | D:5      | Entered Level 5 of the Dungeon
  3806 | D:5      | Noticed Duvessa
  3828 | D:5      | Reached skill level 5 in Armour
  3832 | D:5      | Killed Duvessa
  3833 | D:5      | Reached XP level 7. HP: 29/44 MP: 7/7
  3841 | D:5      | Identified the +7 trident of the Endless Expanse {venom,
                  | rF+ rN+ Str+4 Dex-4}
  3979 | D:5      | Noticed Dowan
  4155 | D:5      | Killed Dowan
  4170 | D:5      | Reached skill level 5 in Fighting
  4170 | D:5      | Reached skill level 1 in Polearms
  4170 | D:5      | Reached skill level 6 in Armour
  4480 | D:5      | You fall into a shaft and drop 3 floors!
  4513 | D:8      | Found a burning altar of Makhleb.
  4523 | D:8      | Noticed a wyvern
  4529 | D:8      | Killed a wyvern
  4530 | D:8      | Reached skill level 1 in Dodging
  4530 | D:8      | Reached XP level 8. HP: 49/49 MP: 8/8
  4563 | D:8      | Reached skill level 5 in Shields
  4670 | D:8      | Reached skill level 7 in Armour
  4972 | D:7      | Noticed Joseph
  4982 | D:7      | Killed Joseph
  4983 | D:7      | Reached skill level 1 in Evocations
  5233 | D:7      | Reached XP level 9. HP: 49/55 MP: 9/9
  5271 | D:7      | Found a staircase to the Ecumenical Temple.
  5360 | Temple   | Entered the Ecumenical Temple
  5677 | D:7      | Reached skill level 5 in Polearms
  5977 | D:7      | Found a glowing silver altar of Zin.
  6841 | D:6      | Found a faded altar of an unknown god.
  6841 | D:6      | Found a shadowy altar of Dithmenos.
  6849 | D:6      | Found a snail-covered altar of Cheibriados.
  6851 | D:6      | Found a faded altar of an unknown god.
  6853 | D:6      | Found an opulent altar of Gozag.
  6937 | D:6      | Noticed Sigmund
  6945 | D:6      | Killed Sigmund
  6946 | D:6      | Reached skill level 8 in Armour
  7469 | D:6      | Noticed Blork the orc
  7480 | D:6      | Killed Blork the orc
  7637 | D:6      | Found a sacrificial altar of Ru.
  7898 | D:5      | Reached XP level 10. HP: 58/63 MP: 10/10
  8523 | D:8      | Noticed a two-headed ogre
  8531 | D:8      | HP: 1/63 [two-headed ogre/+0 giant club (15)]
  8535 | D:8      | Killed a two-headed ogre
  9019 | D:8      | Noticed Psyche
  9026 | D:8      | Killed Psyche
  9587 | D:9      | Found a flagged portal.
  9599 | D:9      | Found a staircase to the Orcish Mines.
  9629 | Bailey   | Entered a bailey
  9642 | Bailey   | Reached skill level 9 in Armour
  9777 | Bailey   | HP: 2/64 [spriggan/+0 spear (10)]
  9784 | Bailey   | HP: 3/64 [spriggan/+0 spear (7)]
 10306 | D:9      | Found a stormy altar of Qazlal.
 10324 | D:9      | Noticed a two-headed ogre
 10330 | D:9      | Killed a two-headed ogre
 10422 | D:6      | Became a worshipper of Gozag Ym Sagoz the Greedy
 10659 | D:9      | Noticed a two-headed ogre
 10661 | D:9      | Reached XP level 11. HP: 68/68 MP: 11/11
 10673 | D:9      | Killed a two-headed ogre
 10674 | D:9      | Reached skill level 10 in Armour
 11132 | D:9      | Noticed a deep elf pyromancer
 11137 | D:9      | Killed a deep elf pyromancer
 11140 | D:9      | Noticed a skeletal warrior
 11153 | D:9      | Killed a skeletal warrior
 11263 | D:9      | Noticed a manticore
 11272 | D:9      | Killed a manticore
 11421 | D:9      | Noticed Erolcha
 11435 | D:9      | Killed Erolcha
 11436 | D:9      | Reached skill level 10 in Polearms
 11436 | D:9      | Reached skill level 11 in Armour
 11473 | D:9      | Noticed an ettin
 11489 | D:9      | Noticed a satyr
 11489 | D:9      | an ettin changed into a satyr
 11501 | D:9      | Killed a satyr
 11779 | D:9      | Paralysed by a centaur for 2 turns
 12045 | D:10     | Entered Level 10 of the Dungeon
 12111 | D:10     | Found Utaygev's Weapon Emporium.
 12411 | D:10     | Reached skill level 12 in Armour
 12575 | D:10     | Found a staircase to the Lair.
 12674 | D:10     | Noticed a deep troll
 12691 | D:10     | Killed a deep troll
 12878 | D:10     | Reached XP level 12. HP: 66/76 MP: 12/12
 12896 | D:10     | Slain by a troll

Illustrated notes

Levels and vault maps discovered:
D:1:      dpeg_arrival_three_smaller_balls, layout_loops_ring, minmay_tall_x
D:2:      layout_rooms, serial_forest, infiniplex_forest_zigzag_2,
          infiniplex_forest_corner_1, infiniplex_forest_corner_2,
          infiniplex_forest_corner_2, infiniplex_forest_lined_ring,
          infiniplex_forest_pool
D:3:      layout_basic
D:4:      layout_gridville, mainiacjoe_overflow_chevrons
D:5:      layout_basic, kennysheep_pointless_box, uniq_duvessa
D:6:      layout_basic, chequers_temple_overflow_minitemple,
          nicolae_ru_path_of_blood, hex_tiny, uniq_sigmund, uniq_blork_the_orc
D:7:      layout_loops_corners, zin_treasury, temple_pool_b, water_boxes_lemuel,
          uniq_joseph
D:8:      layout_cave_pods, bloody_makhleb, nicolae_straight_to_the_point,
          uniq_psyche
D:9:      minmay_the_grid_octo_triangle [minmay_the_grid_octo_clover,
          minmay_the_grid_octo_prize_single_spiral,
          minmay_the_grid_octo_thin_diamonds], layout_rooms,
          overflow_temple_1_default, orc_0_dummy, enter_bailey_2,
          minmay_chambers_of_fives, uniq_erolcha
D:10:     lemuel_troll_bridge, layout_layer_cave, serial_shops,
          nicolae_shop_bloodbath_and_beyond
Temple:   dpeg_chambers_temple

Skill      XL: |  1  2  3  4  5  6  7  8  9 10 11 |
---------------+----------------------------------+-----
Maces & Flails | 3 4 |  4.4
Armour         | 4 5 6 7 8 9 12 | 12.4
Fighting       | 4 5 6 7 8 9 |  9.4
Shields        | 4 5 6 |  6.8
Polearms       | 2 4 7 9 10 | 10.8
Dodging        | 1 2 |  2.3
Evocations     | 1 |  1.7

Action                   |  1- 3 |  4- 6 |  7- 9 | 10-12 || total
-------------------------+-------+-------+-------+-------++-------
Melee: Flail             |   161 |   104 |     4 |       ||   269
       Trident           |       |       |   250 |   285 ||   535
Evoke: Wand              |       |       |     4 |     9 ||    13
  Use: Scroll            |     4 |     4 |    12 |     7 ||    27
       Potion            |       |     1 |     2 |     3 ||     6
 Stab: Invisible         |       |       |       |     1 ||     1
Armor: Scale mail        |    82 |     1 |       |       ||    83
       Plate armour      |       |    94 |   147 |   171 ||   412
Dodge: Dodged            |    87 |    35 |    66 |   115 ||   303
Block: Buckler           |    47 |    18 |    40 |    52 ||   157
